 Dungeon Crawl Stone Soup version 0.29-a0-271-gd4eb659eea (webtiles) character file.

Game seed: 14056678336343203207

20963 pokeman the Eclecticist (level 12, -27/68 HPs)
             Began as a Deep Elf Hedge Wizard on Mar 7, 2022.
             Was an Elder of Vehumet.
             Killed from afar by Azrael (34 damage)
             ... with damnation
             ... on level 12 of the Dungeon on Mar 8, 2022.
             The game lasted 00:45:43 (16572 turns).

pokeman the Eclecticist (Deep Elf Hedge Wizard)    Turns: 16572, Time: 00:45:43

Health: -27/68     AC: 13    Str:  7    XL:     12   Next: 50%
Magic:  10/35      EV: 11    Int: 25    God:    Vehumet [****..]
Gold:   1075       SH:  0    Dex: 14    Spells: 16/45 levels left

rFire   + . .      SeeInvis +   m - +4 whip (elec)
rCold   . . .      Faith    .   (no shield)
rNeg    . . .      Spirit   .   U - +0 acid dragon scales
rPois   .          Reflect  .   n - +0 helmet
rElec   .          Harm     .   N - +2 cloak {Will+}
rCorr   +          Rampage  .   Q - +0 pair of gloves
Will    ++...                   (no boots)
Stlth   ++........              (no amulet)
HPRegen 0.21/turn               b - ring of protection from fire
MPRegen 0.24/turn               B - ring of see invisible

@: very slightly contaminated
A: no striking features
a: Renounce Religion


You were on level 12 of the Dungeon.
You worshipped Vehumet.
Vehumet was greatly pleased with you.
You visited 2 branches of the dungeon, and saw 13 of its levels.
You visited 1 bazaar.

You collected 1269 gold pieces.
You spent 194 gold pieces at shops.

Inventory:

Hand Weapons
 m - a +4 whip of electrocution (weapon)
 D - a +4 quarterstaff of chaos
 F - a +0 shortbow
Missiles
 l - 3 throwing nets
Armour
 f - a scarf of invisibility
 n - a +0 helmet (worn)
 N - a +2 cloak of willpower (worn)
 Q - a +0 pair of gloves (worn)
 S - a +0 troll leather armour
 U - +0 acid dragon scales (worn)
 X - a +0 kite shield
Jewellery
 b - a ring of protection from fire (left hand)
 q - a +6 ring of strength
 x - the ring of Xiluk {rF- Str+7 Dex+6}
   (You found it on level 5 of the Dungeon)

   [ring of dexterity]

   Str:       It affects your strength (+7).
   Dex:       It affects your dexterity (+6).
   rF:        It makes you vulnerable to fire.
 B - a ring of see invisible (right hand)
 E - a ring of resist corrosion
 J - a ring of positive energy
 M - a ring of ice
 T - an amulet of guardian spirit
Wands
 o - a wand of polymorph (9)
 w - a wand of flame (42)
 L - a wand of iceblast (13)
 O - a wand of acid (4)
 W - a wand of paralysis (7)
 Y - a wand of mindburst (7)
Scrolls
 a - a scroll of holy word
 h - 5 scrolls of identify
 j - 5 scrolls of enchant armour
 r - 11 scrolls of teleportation
 t - 6 scrolls of magic mapping
 u - 2 scrolls of amnesia
 y - 2 scrolls of fog
 A - 5 scrolls of fear
 H - a scroll of torment {unknown}
 I - 2 scrolls of vulnerability {unknown}
 K - a scroll of immolation {unknown}
 R - a scroll of enchant weapon {unknown}
 V - 2 scrolls of blinking
Potions
 c - 2 potions of degeneration {unknown}
 d - 3 potions of magic
 e - 2 potions of brilliance {unknown}
 g - 5 potions of attraction {unknown}
 i - 7 potions of mutation {unknown}
 k - 2 potions of haste {unknown}
 p - 2 potions of berserk rage {unknown}
 s - 2 potions of flight {unknown}
 v - 2 potions of resistance {unknown}
 z - a potion of cancellation {unknown}
 C - a potion of lignification {unknown}
 G - 2 potions of curing {unknown}
 P - a potion of might {unknown}
 Z - a potion of heal wounds {unknown}


   Skills:
 + Level 5.5 Fighting
 - Level 5.0 Armour
 - Level 3.0 Dodging
 - Level 3.2 Stealth
 * Level 17.4 Spellcasting
 + Level 10.4 Conjurations
 - Level 1.1 Summonings
 - Level 1.1 Translocations
 + Level 9.8 Fire Magic
 - Level 1.3 Ice Magic
 - Level 1.4 Air Magic
 - Level 1.2 Poison Magic
 - Level 1.0 Evocations


You had 16 spell levels left.
You knew the following spells:

 Your Spells              Type           Power      Damage    Failure   Level
a - Magic Dart            Conj           100%       1d8       1%          1
b - Mephitic Cloud        Conj/Pois/Air  43%        N/A       1%          3
c - Call Imp              Summ           27%        N/A       3%          2
d - Blink                 Tloc           54%        N/A       3%          2
e - Conjure Flame         Conj/Fire      64%        6-21      1%          3
f - Shock                 Conj/Air       100%       1d9       1%          1
g - Fireball              Conj/Fire      32%        3d14      1%          5
h - Orb of Destruction    Conj           32%        9d10      13%         7
i - Freezing Cloud        Conj/Ice/Air   21%        6-21      5%          5

Your spell library contained the following spells:

 Spells                   Type           Power      Damage    Failure   Level
 Inner Flame              Hex/Fire       46%        N/A       1%          3
 Iskenderun's Battlesphe  Conj           65%        2d11      1%          5
 Summon Small Mammal      Summ           100%       N/A       2%          1
 Animate Skeleton         Necr           42%        N/A       4%          1
 Slow                     Hex            84%        N/A       4%          1
 Call Canine Familiar     Summ           27%        N/A       8%          3
 Gell's Gravitas          Tloc           27%        N/A       8%          3
 Lesser Beckoning         Tloc           27%        N/A       8%          3
 Teleport Other           Tloc           27%        N/A       8%          3
 Summon Guardian Golem    Hex/Summ       24%        N/A       10%         3
 Conjure Ball Lightning   Conj/Air       25%        3x3d7     14%         6
 Cause Fear               Hex            10%        N/A       36%         4
 Dispersal                Tloc           13%        N/A       98%         6
 Simulacrum               Ice/Necr       12%        N/A       99%         6
 Discord                  Hex            10%        N/A       100%        8
 Dragon's Call            Summ           13%        N/A       100%        9


Dungeon Overview and Level Annotations

Branches:
Dungeon (12/15)            Temple (1/1) D:5            Lair (0/6) D:11
    Orc (0/2) D:12

Altars:
Ashenzari
Cheibriados
Dithmenos
Elyvilon
Fedhas
Gozag
Hepliaklqana
Makhleb
Nemelex Xobeh
Okawaru
Qazlal
Ru
Trog
Uskayaw
Vehumet
Wu Jian
Yredelemnul
Zin
The Shining One

Shops:
D:5 *   D:7 (

Annotations:
D:12 Azrael, Frances


Message History

The orb of destruction hits Frances!!!
Frances is moderately wounded.
Casting: Orb of Destruction (quite dangerous; 13% risk of failure)
Confirm with . or Enter, or press ? or * to list all spells.
Aiming: Mephitic Cloud (safe; 1% risk of failure)
Press: ? - help, Shift-Dir - straight line, p - Frances The ball explodes into a vile cloud!
The stinking cloud engulfs Frances but does no damage.
Frances is moderately wounded.
You hear a bark! x2
A fire elemental comes into view.
Frances is engulfed in noxious fumes.
Frances appears confused.
Azrael the Boundless Flame comes into view.
He is wielding a +3 scimitar of flaming.
Unknown command.
Casting: Mephitic Cloud (safe; 1% risk of failure)
Confirm with . or Enter, or press ? or * to list all spells.
Aiming: Freezing Cloud (dangerous; 5% risk of failure)
Press: ? - help, Dir - move target The fire elemental is engulfed in freezing vapours.
Frances is engulfed in noxious fumes.
Frances appears confused.
Azrael is engulfed in freezing vapours.
A hell hound comes into view.
The fire elemental is engulfed in freezing vapours.
Azrael is engulfed in freezing vapours.
Casting: Freezing Cloud (dangerous; 5% risk of failure)
Confirm with . or Enter, or press ? or * to list all spells.
Aiming: Freezing Cloud (dangerous; 5% risk of failure)
Press: ? - help, Dir - move target The fire elemental is engulfed in freezing vapours.
You destroy the fire elemental!
Vehumet accepts your kill. Azrael gestures at you.
The sphere of damnation explodes!
The damnation engulfs you!!!
Ouch! That really hurt!
* * * LOW HITPOINT WARNING * * *
Unknown command.
Azrael gestures at you.
The sphere of damnation explodes!
The damnation engulfs you!!
Ouch! That really hurt!
You die...

****#§§§......................
#§§R.....#####.#########..
#...§§§..# #.# #.. #...§§...# #.#
#.. #...§§§..# #.# #.. #..@°....#
#.# #.. #####..☼.....# #.# #..
#........°...#####.# #..
#............@.....# #..
#............(.....####### #..
#..#######...............#####
#..#.....#..................))
#..'.....#..............^###[#
#..#.....#....#####......#8...
#..#.....#....#...#......#....
####..#.....#....#...#......#..>.
#.....#)....#....#...#......#....


You could see Frances (confused) and Azrael.

Vanquished Creatures
  Snorg (D:12)
  A hydra (D:12)
  4 two-headed ogres
  Erica (D:8)
  Sonja (D:12)
  2 cyclopes
  Maurice (D:8)
  A manticore (D:12)
  2 gargoyles (D:12)
  A kobold demonologist (D:12)
  A komodo dragon (D:11)
  6 trolls
  2 vampires
  3 wraiths
  30 yaks
  A wyvern (D:8)
  A fire elemental (D:12)
  A steam dragon (D:9)
  7 vampire mosquitoes
  Edmund (D:5)
  An acid dragon (D:11)
  A black bear (D:3)
  3 ice beasts
  7 orc warriors
  3 sky beasts
  5 ogres
  3 centaurs
  2 phantoms
  11 kobold brigands
  4 gnoll sergeants
  6 bullfrogs
  4 necrophages
  3 scorpions
  6 wights
  7 killer bees (D:9)
  A jelly (D:6)
  5 hounds
  A gnoll shaman (D:9)
  7 orc priests
  Crazy Yiuf (D:6)
  Jessica (D:2)
  5 iguanas
  4 orc wizards
  Terence (D:2)
  Robin (D:2)
  7 adders
  16 gnolls
  2 shadow imps
  A white imp (D:5)
  3 worms
  5 dart slugs
  22 orcs
  10 endoplasms
  8 giant cockroaches
  17 goblins
  7 hobgoblins
  5 jackals (D:5)
  26 kobolds
  5 quokkas
  8 ball pythons
  3 bats
  4 frilled lizards (D:1)
  4 rats
314 creatures vanquished.

Vanquished Creatures (collateral kills)
  2 yaks (D:10)
2 creatures vanquished.

Vanquished Creatures (others)
  12 fungi (D:11)
  17 plants (D:11)
29 creatures vanquished.

Grand Total: 345 creatures vanquished

Notes
Turn   | Place    | Note
-------+----------+-------------------------------------------
     0 | D:1      | pokeman the Deep Elf Hedge Wizard began the quest for the
                  | Orb.
     0 | D:1      | Reached XP level 1. HP: 10/10 MP: 7/7
   226 | D:1      | Reached XP level 2. HP: 13/15 MP: 1/9
   449 | D:1      | Found a faded altar of an unknown god.
   748 | D:1      | Reached skill level 5 in Spellcasting
   873 | D:1      | Reached XP level 3. HP: 20/20 MP: 3/11
   877 | D:1      | Learned a level 3 spell: Mephitic Cloud
   880 | D:1      | Learned a level 2 spell: Call Imp
   883 | D:1      | Learned a level 2 spell: Blink
   887 | D:1      | Learned a level 3 spell: Conjure Flame
  1368 | D:2      | Reached skill level 1 in Armour
  1501 | D:2      | Noticed Robin
  1506 | D:2      | Reached skill level 1 in Fighting
  1707 | D:2      | Noticed Terence
  1708 | D:2      | Got the Reference Book on Sinister Rituals and Summoning
  1715 | D:2      | Killed Terence
  1716 | D:2      | Reached XP level 4. HP: 25/25 MP: 5/13
  1944 | D:2      | Killed Robin
  2243 | D:2      | Reached skill level 1 in Fire Magic
  2369 | D:2      | Noticed Jessica
  2378 | D:2      | Killed Jessica
  2379 | D:2      | Reached skill level 6 in Spellcasting
  2379 | D:2      | Reached XP level 5. HP: 29/29 MP: 10/15
  3212 | D:3      | Noticed a black bear
  3224 | D:3      | Killed a black bear
  3225 | D:3      | Reached skill level 1 in Air Magic
  3225 | D:3      | Reached XP level 6. HP: 34/34 MP: 12/17
  3850 | D:4      | Reached skill level 7 in Spellcasting
  3852 | D:4      | Reached skill level 1 in Evocations
  4183 | D:4      | Reached skill level 1 in Poison Magic
  4538 | D:4      | Reached XP level 7. HP: 33/38 MP: 13/20
  4967 | D:5      | Entered Level 5 of the Dungeon
  4967 | D:5      | Found Depserat's Assorted Antiques.
  5175 | D:5      | Reached skill level 8 in Spellcasting
  5928 | D:5      | Found a staircase to the Ecumenical Temple.
  5941 | Temple   | Entered the Ecumenical Temple
  6009 | Temple   | Became a worshipper of Vehumet
  6062 | D:5      | Identified the ring of Xiluk {rF- Str+7 Dex+6}
  6214 | D:5      | Found a sparkling altar of Nemelex Xobeh.
  6412 | D:5      | Reached XP level 8. HP: 44/44 MP: 19/22
  6441 | D:5      | Noticed Edmund
  6455 | D:5      | Killed Edmund
  6456 | D:5      | Reached skill level 9 in Spellcasting
  6725 | D:5      | Noticed a two-headed ogre
  6743 | D:5      | Killed a two-headed ogre
  6744 | D:5      | Reached skill level 10 in Spellcasting
  6744 | D:5      | Reached skill level 5 in Conjurations
  6744 | D:5      | Upgraded the game from 0.29-a0-266-gf56f883ddd to
                  | 0.29-a0-271-gd4eb659eea
  7338 | D:6      | Reached * piety under Vehumet
  7338 | D:6      | Offered knowledge of Shock by Vehumet.
  7339 | D:6      | Reached XP level 9. HP: 48/48 MP: 18/25
  7341 | D:6      | Learned a level 1 spell: Shock
  7573 | D:6      | Found a blossoming altar of Fedhas.
  7750 | D:6      | Reached skill level 11 in Spellcasting
  7955 | D:6      | Reached skill level 5 in Fire Magic
  8166 | D:6      | Found a runed translucent door.
  8167 | D:6      | Noticed Crazy Yiuf
  8397 | D:6      | Reached skill level 12 in Spellcasting
  8519 | D:6      | Killed Crazy Yiuf
  9187 | D:7      | Found Nemuu's Weapon Boutique.
  9463 | D:7      | Found a hazy altar of Hepliaklqana.
  9470 | D:7      | Reached XP level 10. HP: 50/56 MP: 22/28
  9501 | D:7      | Found a shadowy altar of Dithmenos.
  9824 | D:8      | Offered knowledge of Freeze by Vehumet.
  9839 | D:8      | Reached ** piety under Vehumet
  9987 | D:8      | Learned a level 5 spell: Fireball
  9995 | D:8      | Learned a level 7 spell: Orb of Destruction
 10109 | D:8      | Noticed Erica
 10313 | D:8      | Killed Erica
 10314 | D:8      | Reached skill level 13 in Spellcasting
 10718 | D:8      | Noticed Maurice
 10735 | D:8      | Killed Maurice
 11103 | D:9      | Reached skill level 14 in Spellcasting
 11382 | D:9      | Offered knowledge of Searing Ray by Vehumet.
 11392 | D:9      | Noticed a two-headed ogre
 11401 | D:9      | Killed a two-headed ogre
 11766 | D:9      | Reached XP level 11. HP: 61/61 MP: 23/31
 11768 | D:9      | Reached *** piety under Vehumet
 12271 | D:10     | Entered Level 10 of the Dungeon
 12575 | D:10     | Offered knowledge of Fulminant Prism by Vehumet.
 12578 | D:10     | Reached skill level 15 in Spellcasting
 12738 | D:10     | Noticed a two-headed ogre
 12744 | D:10     | Killed a two-headed ogre
 13181 | D:11     | Reached skill level 5 in Armour
 13321 | D:11     | Reached **** piety under Vehumet
 13641 | D:11     | Reached skill level 16 in Spellcasting
 13889 | D:11     | Offered knowledge of Freezing Cloud by Vehumet.
 14162 | D:11     | Found a staircase to the Lair.
 14249 | D:11     | Learned a level 5 spell: Freezing Cloud
 14498 | D:12     | Noticed a two-headed ogre
 14512 | D:12     | Noticed a soul eater
 14531 | D:12     | Found a flickering gateway to a bazaar.
 14538 | Bazaar   | Entered a bazaar
 14538 | Bazaar   | Found Doxydeg's Antique Armour Shoppe.
 14538 | Bazaar   | Found Asaani's Magic Scroll Shop.
 14538 | Bazaar   | Found Exarr's Antique Armour Shoppe.
 14575 | Bazaar   | Found Dagrufot's Armour Emporium.
 14637 | Bazaar   | Bought a scroll of identify for 14 gold pieces
 14637 | Bazaar   | Bought a scroll of fog for 14 gold pieces
 14637 | Bazaar   | Bought a scroll of magic mapping for 24 gold pieces
 14637 | Bazaar   | Bought a scroll of fear for 24 gold pieces
 14637 | Bazaar   | Bought a scroll of blinking for 52 gold pieces
 14637 | Bazaar   | Bought a scroll of amnesia for 24 gold pieces
 14637 | Bazaar   | Bought a scroll of teleportation for 21 gold pieces
 14637 | Bazaar   | Bought a scroll of teleportation for 21 gold pieces
 14837 | D:12     | Killed a two-headed ogre
 14838 | D:12     | Reached skill level 1 in Ice Magic
 14838 | D:12     | Reached XP level 12. HP: 63/68 MP: 12/34
 15005 | D:12     | Reached skill level 5 in Fighting
 15440 | D:12     | Found a staircase to the Orcish Mines.
 15563 | D:12     | Noticed a four-headed hydra
 15569 | D:12     | Killed a four-headed hydra
 15570 | D:12     | Reached skill level 10 in Conjurations
 15585 | D:12     | Reached skill level 17 in Spellcasting
 15846 | D:12     | Noticed Sonja
 15847 | D:12     | Killed Sonja
 15980 | D:12     | Noticed Frances
 16182 | D:12     | Noticed Snorg
 16211 | D:12     | Killed Snorg
 16568 | D:12     | Noticed Azrael
 16572 | D:12     | Killed from afar by Azrael

Illustrated notes

Levels and vault maps discovered:
D:1:      tarquinn_simple_flora_water_e, layout_loops_ring,
          basic_ecumenical_altar
D:2:      layout_loops_ring, hangedman_decor_diamond_cutter,
          minmay_tetromino_l2, uniq_jessica, uniq_terence, uniq_robin
D:3:      layout_basic, chequers_serial_rivers_micro_c
D:4:      layout_loops_cross, serial_glass, glass_columns_b, glass_columns_b,
          item_on_display_a, minmay_strange_pillars, minmay_strange_pillars,
          minmay_strange_pillars
D:5:      minmay_inner_zag, layout_loops_corners, nemelex_spade_bored_becter,
          minmay_temple_entry_slanted, nicolae_stop_n_shop_1, uniq_edmund
D:6:      layout_basic, mainiacjoe_overflow_catwalk, kennysheep_generic_room_7,
          uniq_crazy_yiuf_cottage
D:7:      layout_loops_ring, riverfiend_overflow_shadow_ancestor, serial_shops,
          shop_coins
D:8:      layout_basic, uniq_maurice, uniq_erica
D:9:      layout_basic, minmay_increasing_density
D:10:     layout_roguey, kennysheep_small_circle
D:11:     layout_rooms, grunt_lair_entry_orc_guard_hut
D:12:     layout_irregular_city, kennysheep_orc_monster_closet_entryway,
          serial_shops, bzr_entry_safe, uniq_snorg, uniq_sonja, uniq_azrael,
          uniq_frances
Temple:   eino_narrow_crystal_temple

Skill      XL: |  1  2  3  4  5  6  7  8  9 10 11 12 |
---------------+-------------------------------------+-----
Spellcasting   | 5 6 7 8 10 12 14 16 17 | 17.4
Armour         | 1 3 4 5 |  5.0
Conjurations   | 2 3 4 5 7 8 9 10 | 10.4
Fighting       | 1 2 3 4 5 |  5.5
Fire Magic     | 1 2 4 6 7 9 |  9.8
Dodging        | 3 |  3.0
Stealth        | 3 |  3.2
Air Magic      | 1 |  1.4
Evocations     | 1 |  1.0
Poison Magic   | 1 |  1.2
Ice Magic      | 1 |  1.3
Summonings     | |  1.1
Translocations | |  1.1

Action                   |  1- 3 |  4- 6 |  7- 9 | 10-12 || total
-------------------------+-------+-------+-------+-------++-------
Melee: Dagger            |    13 |       |       |       ||    13
       Punch             |     2 |       |     4 |     2 ||     8
       Whip              |       |     6 |    68 |    71 ||   145
 Cast: Magic Dart        |   102 |   141 |   207 |     9 ||   459
       Mephitic Cloud    |     1 |     2 |    21 |    27 ||    51
       Conjure Flame     |     1 |     2 |    23 |    30 ||    56
       Call Imp          |     1 |       |     6 |     2 ||     9
       Blink             |       |     1 |     1 |     2 ||     4
       Shock             |       |       |       |    92 ||    92
       Fireball          |       |       |       |   118 ||   118
       Freezing Cloud    |       |       |       |     6 ||     6
       Orb of Destructio |       |       |       |     2 ||     2
Evoke: Wand              |       |       |       |     2 ||     2
  Use: Scroll            |       |       |       |     5 ||     5
 Stab: Confused          |       |       |     7 |     3 ||    10
       Sleeping          |       |       |     1 |       ||     1
Armor: Robe              |     3 |       |       |       ||     3
       Leather armour    |       |     1 |    19 |    12 ||    32
       Troll leather arm |       |       |       |     9 ||     9
       Acid dragon scale |       |       |       |     5 ||     5
Dodge: Dodged            |    18 |    13 |    56 |    51 ||   138

Table legend: (Time is in decaauts)
 A = Elapsed time spent in this place.
 B = Non-inter-level travel time spent in this place.
 C = Inter-level travel time spent in this place.
 D = Time resting spent in this place.
 E = Time spent auto-exploring this place.
 F = Levels seen in this place.
 G = Mean time per level.
                   A        B        C        D        E       F      G
               +--------+--------+--------+--------+--------+-----+--------+
         Total |  16592 |  16029 |    563 |   1579 |  11991 |  14 | 1185.1 |
       Dungeon |  16352 |  15803 |    549 |   1544 |  11916 |  12 | 1362.7 |
        Temple |     83 |     69 |     14 |      0 |     56 |   1 |   83.0 |
        Bazaar |    155 |    155 |      0 |     35 |     19 |   1 |  155.0 |
               +--------+--------+--------+--------+--------+-----+--------+

Top non-repeatable levels by time:
     D:5: 1920 daAuts
     D:6: 1639 daAuts
    D:12: 1592 daAuts
     D:1: 1368 daAuts
    D:11: 1351 daAuts
     D:9: 1351 daAuts
     D:3: 1235 daAuts
     D:2: 1224 daAuts
    D:10: 1213 daAuts
     D:8: 1171 daAuts
     D:7: 1145 daAuts
     D:4: 1138 daAuts
  Bazaar: 155 daAuts
  Temple: 83 daAuts
